 Dungeon Crawl Stone Soup version 0.29-a0-982-gaed3a0c8d8 (webtiles) character file.

Game seed: 9582411350799330111

207 enile the Firebug (level 5, -5/36 HPs)
             Began as an Octopode Fire Elementalist on Aug 2, 2022.
             Was a Follower of Trog.
             Killed from afar by an orc wizard (7 damage)
             ... with a magic dart
             ... on level 4 of the Dungeon.
             The game lasted 00:04:16 (3781 turns).

enile the Firebug (Octopode Fire Elementalist)      Turns: 3781, Time: 00:04:16

Health: -5/36      AC:  1    Str:  8      XL:     5   Next: 85%
Magic:  9/9        EV: 13    Int: 17 (19) God:    Trog [*.....]
Gold:   76         SH:  0    Dex: 12      Spells: 7/10 levels left

rFire   . . .      SeeInvis .   c - +0 rapier
rCold   . . .      Faith    .   (no shield)
rNeg    . . .      Spirit   .   (helmet restricted)
rPois   .          Reflect  .   (no amulet)
rElec   .          Harm     .   (no ring)
rCorr   .          Rampage  .   (no ring)
Will    .....                   (no ring)
Stlth   +++.......              (no ring)
HPRegen 0.12/turn               (no ring)
MPRegen 0.11/turn               (no ring)
                                (no ring)
                                (no ring)

@: on berserk cooldown, slowed, very slow
A: almost no armour, amphibious, 8 rings, camouflage 1, gelatinous body 1,
(nimble swimmer 1), tentacles
a: Renounce Religion, Berserk


You were on level 4 of the Dungeon.
You worshipped Trog.
Trog was aware of your devotion.
You visited 1 branch of the dungeon, and saw 4 of its levels.

You collected 76 gold pieces.

Inventory:

Hand Weapons
 a - a +0 dagger
 c - a +0 rapier (weapon)
Wands
 d - a wand of polymorph (7)
Scrolls
 e - 3 scrolls of identify {unknown}
 i - a scroll of fog
 j - 3 scrolls of enchant weapon {unknown}
 m - 3 scrolls of magic mapping {unknown}


   Skills:
 - Level 3.0 Fighting
 - Level 2.0 Short Blades
 - Level 3.0 Dodging
 - Level 2.6 Stealth
 - Level 3.0 Spellcasting
 - Level 1.0 Conjurations
 - Level 3.0 Fire Magic
 + Level 1.7 Evocations


You had 7 spell levels left.
You knew the following spells:

 Your Spells              Type           Power      Damage    Failure   Level
a - Foxfire               Conj/Fire      36%        2x1d5     8%          1
b - Scorch                Fire           24%        2d6       8%          2

Your spell library contained the following spells:

 Spells                   Type           Power      Damage    Failure   Level
 Beastly Appendage        Tmut           4%         N/A       17%         1
 Sandblast                Erth           4%         2d4       17%         1
 Conjure Flame            Conj/Fire      9%         6-21      22%         3
 Passwall                 Tmut/Erth      1%         N/A       26%         2
 Wereblood                Tmut           2%         N/A       26%         2
 Inner Flame              Hex/Fire       7%         N/A       28%         3
 Stone Arrow              Conj/Erth      8%         3d7       38%         3
 Spider Form              Tmut/Pois      2%         N/A       45%         3
 Flame Wave               Conj/Fire      9%         2d6       58%         4


Dungeon Overview and Level Annotations

Branches:
Dungeon (4/15)
 Temple: D:4-7

Altars:
Trog

Annotations:
D:3 3 runed translucent doors, Never's ghost, amateur DESu


Innate Abilities, Weirdness & Mutations

You cannot wear most types of armour.
You are amphibious.
You can wear up to eight rings at the same time.
Your skin changes colour to match your surroundings (Stealth+).
Your rubbery body absorbs attacks. (AC +1, EV +1)
((You are camouflaged when in or above water. (Stealth+)))
You have tentacles for arms and can constrict up to eight enemies at once.


Message History

You barely miss the orc. You grab the orc. You constrict the orc.
The orc hits you with a +1 short sword of holy wrath.
You hear some strange, mumbled words.
Something tries to affect you, but you resist.
You hit the orc.
You kill the orc!
Trog accepts your kill. The orc hits you but does no damage.
Something hits you.
Items here: )) [ ††.
You puncture the orc!
You feel the power of Trog in you as your rage grows.
You kill the orc!
Trog accepts your kill. Something hits you. Something hits you.
You feel a strong urge to attack something.
You are no longer berserk.
You are exhausted.
You feel yourself slow down. Something hits you. x2
* * * LOW HITPOINT WARNING * * *
Something hits you.
* * * LOW HITPOINT WARNING * * *
You feel better. Something hits you. x2
* * * LOW HITPOINT WARNING * * *
As you read the scroll labelled IBLUZE XUUGH, it crumbles to dust.
The scroll dissolves into smoke.
It was a scroll of fog.
Something hits you.
* * * LOW HITPOINT WARNING * * *
You aren't carrying any potions.
Unknown command.
As you read the scroll labelled VOURYUDIALL, it crumbles to dust.
It is a scroll of amnesia.
Really abort (and waste the scroll)?
Okay, then.
Something hits you.
* * * LOW HITPOINT WARNING * * *
You hear some strange, mumbled words.
A magic dart appears from out of thin air!
The magic dart hits you!
You die...

#..#.....#
#..#.#####
#..#.#
#..#.#
#..#.#
#..#.###
#..#...#
#.########.#
.....§§@§§.#
.....§§{####
.....#§§#
...# #..# .#
#.## #. #.
#. #.


There were no monsters in sight!

Vanquished Creatures
  A jelly (D:3)
  3 orc wizards
  2 worms
  A dart slug (D:3)
  9 orcs
  6 ball pythons
  7 bats
  5 endoplasms (D:1)
  5 giant cockroaches
  6 goblins
  9 hobgoblins
  6 kobolds
  5 quokkas
  6 frilled lizards
  7 rats
78 creatures vanquished.

Vanquished Creatures (others)
  168 foxfires
168 creatures vanquished.

Grand Total: 246 creatures vanquished

Notes
Turn   | Place    | Note
-------+----------+-------------------------------------------
     0 | D:1      | enile the Octopode Fire Elementalist began the quest for
                  | the Orb.
     0 | D:1      | Reached XP level 1. HP: 11/11 MP: 3/3
    66 | D:1      | Reached skill level 1 in Fighting
   128 | D:1      | Reached XP level 2. HP: 18/18 MP: 0/5
   321 | D:1      | Learned a level 2 spell: Scorch
   719 | D:1      | Reached XP level 3. HP: 25/25 MP: 4/6
  2125 | D:3      | Reached XP level 4. HP: 31/31 MP: 2/7
  2800 | D:3      | Reached skill level 1 in Short Blades
  2973 | D:3      | Found a faded altar of an unknown god.
  3021 | D:3      | HP: 1/31 [orc/+0 flail (6)]
  3222 | D:3      | Reached XP level 5. HP: 36/36 MP: 4/9
  3369 | D:3      | Noticed Sigmund
  3372 | D:3      | Noticed Sigmund
  3372 | D:3      | Sigmund changed into Sigmund the jelly
  3377 | D:3      | Killed Sigmund the jelly
  3454 | D:3      | Found a runed translucent gate.
  3455 | D:3      | Found a runed translucent gate.
  3456 | D:3      | Found a runed translucent gate.
  3457 | D:3      | Noticed Never's ghost (amateur DESu)
  3713 | D:3      | Prayed at the altar of an unknown god.
  3713 | D:3      | Became a worshipper of Trog the Wrathful
  3713 | D:3      | Reached * piety under Trog
  3771 | D:4      | Reached skill level 1 in Evocations
  3781 | D:4      | Killed from afar by an orc wizard

Illustrated notes

Levels and vault maps discovered:
D:1:      dpeg_arrival_another_circle, layout_basic
D:2:      layout_loops_cross
D:3:      kennysheep_six_static_rooms, layout_basic,
          chequers_ecumenical_altar_simple, ebering_ghost_rock_garden,
          grunt_decor_resistance, uniq_sigmund
D:4:      layout_basic, mainiacjoe_overflow_alcove_1, chequers_big_river,
          minmay_misc_feat_hallway, minmay_misc_feat_more_columns

Skill      XL: |  1  2  3  4  5 |
---------------+----------------+-----
Fighting       | 1 2 3 |  3.0
Spellcasting   | 3 |  3.0
Short Blades   | 2 |  2.0
Dodging        | 3 |  3.0
Evocations     | 1 |  1.7
Stealth        | |  2.6
Conjurations   | |  1.0
Fire Magic     | |  3.0

Action                   |  1- 3 |  4- 6 || total
-------------------------+-------+-------++-------
Melee: Unarmed           |    16 |       ||    16
       Constrict         |     6 |     7 ||    13
       Dagger            |     5 |       ||     5
       Tentacles         |     5 |     5 ||    10
       Rapier            |     7 |    29 ||    36
 Cast: Foxfire           |    72 |    33 ||   105
       Scorch            |    10 |    11 ||    21
Invok: Berserk           |       |     1 ||     1
Evoke: Wand              |       |     1 ||     1
  Use: Potion            |     1 |     4 ||     5
       Scroll            |     1 |     5 ||     6
 Stab: Sleeping          |     1 |     1 ||     2
Armor: Skin              |     2 |     6 ||     8
Dodge: Dodged            |    30 |    34 ||    64

Table legend: (Time is in decaauts)
 A = Elapsed time spent in this place.
 B = Non-inter-level travel time spent in this place.
 C = Inter-level travel time spent in this place.
 D = Time resting spent in this place.
 E = Time spent auto-exploring this place.
 F = Levels seen in this place.
 G = Mean time per level.
                   A        B        C        D        E       F      G
               +--------+--------+--------+--------+--------+-----+--------+
         Total |   3784 |   3659 |    125 |    157 |   2981 |   4 |  946.0 |
       Dungeon |   3784 |   3659 |    125 |    157 |   2981 |   4 |  946.0 |
               +--------+--------+--------+--------+--------+-----+--------+

Top non-repeatable levels by time:
     D:3: 1609 daAuts
     D:2: 1132 daAuts
     D:1: 987 daAuts
     D:4: 54 daAuts
